 Dungeon Crawl Stone Soup version 0.21.1-1-g345015fe64 (webtiles) character file.

80 Revguard the Chiller (level 4, -1/32 HPs)
             Began as a Demonspawn Ice Elementalist on June 15, 2018.
             Killed by divine providence
             ... invoked by an orc priest
              (9 damage)
             ... on level 3 of the Dungeon.
             The game lasted 00:18:31 (2359 turns).

Revguard the Chiller (Demonspawn Ice Elementalist)  Turns: 2359, Time: 00:18:32

Health: -1/32      AC:  2    Str:  8    XL:     4   Next: 18%
Magic:  1/7        EV: 12    Int: 16    God:
Gold:   50         SH:  0    Dex: 15    Spells: 1/7 levels left

rFire    + . .     SeeInvis .     - Unarmed
rCold    . . .     Gourm    .   (no shield)
rNeg     . . .     Faith    .   a - +0 robe
rPois    .         Spirit   .   (no helmet)
rElec    .         Reflect  .   (no cloak)
rCorr    .         Harm     .   (no gloves)
MR       .....                  (no boots)
Stlth    ++........             (no amulet)
HPRegen  0.10/turn              j - ring of protection from fire
MPRegen  0.10/turn              (no ring)

@: very slightly contaminated
A: claws 1, spiny 1
a: no special abilities


You were on level 3 of the Dungeon.
You were not hungry.

You visited 1 branch of the dungeon, and saw 3 of its levels.

You collected 50 gold pieces.

Inventory:

Armour
 a - a +0 robe (worn)
Jewellery
 j - a ring of protection from fire (left claw)
Wands
 i - a wand of iceblast (4)
Scrolls
 e - a scroll of amnesia {unknown}
 f - a scroll of blinking {unknown}
 g - a scroll of noise {unknown}
 h - a scroll of identify {unknown}
 k - 3 scrolls of enchant weapon {unknown}
Potions
 d - a potion of resistance {unknown}
Books
 b - a book of Frost

   Spells                             Type                      Level
   a - Freeze                         Ice                          1
   b - Throw Frost                    Conjuration/Ice              2
   c - Ozocubu's Armour               Charms/Ice                   3
   d - Throw Icicle                   Conjuration/Ice              4
   e - Summon Ice Beast               Ice/Summoning                4
Comestibles
 c - 2 rations


   Skills:
 * Level 1.2 Fighting
 + Level 2.0 Dodging
 + Level 1.9 Stealth
 * Level 1.4 Unarmed Combat
 + Level 2.4 Spellcasting
 + Level 1.2 Conjurations
 * Level 0.4 Charms
 + Level 3.2 Ice Magic


You had one spell level left.
You knew the following spells:

 Your Spells              Type           Power        Failure   Level  Hunger
a - Freeze                Ice            ##..         5%          1    #......
b - Throw Frost           Conj/Ice       #.....       12%         2    ###....
c - Ozocubu's Armour      Chrm/Ice       #.......     28%         3    ###....


Dungeon Overview and Level Annotations

Branches:
Dungeon (3/15)

Altars:
Okawaru
Vehumet
Zin

Annotations:
D:3 martinkus's ghost, amateur MiBe


Innate Abilities, Weirdness & Mutations

You have sharp fingernails.
You are partially covered in sharp spines.


Message History

The orc wizard is moderately wounded.
Your icy armour evaporates.
The orc wizard is struck by your spines.
The orc wizard hits you with a dagger.
* * * LOW HITPOINT WARNING * * *
The orc wizard is struck by your spines.
The orc wizard hits you with a dagger.
* * * LOW HITPOINT WARNING * * *
A kobold comes into view. It is wielding a short sword.
The orc wizard gestures at you while chanting.
You resist with some effort.
The orc wizard hits you but does no damage.
The orc wizard casts a spell.
The orc wizard blinks!
The kobold shouts!
The orc priest looks satisfied for a moment.
The kobold is struck by your spines. The kobold misses you.
The orc priest calls down the wrath of Beogh upon you.
Beogh smites you!
You die...

###..#. #. ..#.o#.
#. #.#..#. #.
#.#..# #.
######.#..# #.
#..o......#
#.######o####.##.#
#.K..o.............
#.@#####.#....#^.#.
#..# #>..........
#..# #.#....#..#.
#..# #.#....# .#
#..# #.#?..... #
#... ..# .### #.##
.. .. #.


You could see an orc priest, an orc and a kobold.

Vanquished Creatures
  3 adders (D:2)
  2 worms (D:2)
  A dart slug (D:2)
  A leopard gecko (D:2)
  2 orcs (D:3)
  2 giant cockroaches (D:2)
  6 goblins
  4 hobgoblins (D:1)
  9 bats
  3 frilled lizards
  6 kobolds
  4 rats
43 creatures vanquished.

Notes
Turn   | Place    | Note
-------+----------+-------------------------------------------
     0 | D:1      | Revguard the Demonspawn Ice Elementalist began the quest for the Orb.
     0 | D:1      | Reached XP level 1. HP: 13/13 MP: 3/3
   379 | D:1      | Reached skill level 3 in Ice Magic
   379 | D:1      | Gained mutation: You have sharp fingernails. [demonic ancestry]
   379 | D:1      | Reached XP level 2. HP: 12/20 MP: 0/5
   643 | D:1      | Learned a level 2 spell: Throw Frost
   886 | D:1      | You fall through a shaft!
   886 | D:2      | Found a glowing silver altar of Zin.
   886 | D:2      | Noticed an angel
   923 | D:2      | Found an iron altar of Okawaru.
  1049 | D:2      | Reached skill level 1 in Unarmed Combat
  1049 | D:2      | Reached XP level 3. HP: 15/25 MP: 0/6
  1077 | D:2      | Learned a level 3 spell: Ozocubu's Armour
  1135 | D:2      | Reached skill level 1 in Fighting
  1851 | D:2      | Gained mutation: You are partially covered in sharp spines. [demonic ancestry]
  1851 | D:2      | Reached XP level 4. HP: 3/32 MP: 0/7
  2236 | D:3      | Noticed martinkus's ghost (amateur MiBe)
  2282 | D:3      | Found a radiant altar of Vehumet.
  2359 | D:3      | Killed from afar by an orc priest

Skill      XL: |  1  2  3  4 |
---------------+-------------+-----
Ice Magic      | 3 |  3.2
Unarmed Combat | 1 |  1.4
Fighting       | 1 |  1.2
Dodging        | 2 |  2.0
Stealth        | |  1.9
Spellcasting   | |  2.4
Conjurations   | |  1.2
Charms         | |  0.4

Action                   |  1- 3 |  4- 6 || total
-------------------------+-------+-------++-------
Melee: Unarmed           |    59 |     1 ||    60
       Punch             |     1 |       ||     1
 Cast: Freeze            |    26 |     9 ||    35
       Throw Frost       |    22 |     1 ||    23
       Ozocubu's Armour  |       |     2 ||     2
Evoke: Wand              |     2 |     3 ||     5
 Stab: Sleeping          |       |     1 ||     1
  Eat: Ration            |     1 |     1 ||     2
Armor: Robe              |    32 |     5 ||    37
Dodge: Dodged            |    83 |    23 ||   106
